 Dungeon Crawl Stone Soup version 0.22.1-1-ga44c0e56f4 (webtiles) character file.

464 Reeggar the Chopper (level 6, -7/47 HPs)
             Began as a Demonspawn Fighter on Nov 5, 2018.
             Mangled by Duvessa
             ... wielding a +2 rapier of holy wrath
              (15 damage)
             ... on level 5 of the Dungeon on Nov 7, 2018.
             The game lasted 00:20:14 (4332 turns).

Reeggar the Chopper (Demonspawn Fighter)            Turns: 4332, Time: 00:20:14

Health: -7/47      AC:  7    Str: 23    XL:     6   Next: 80%
Magic:  6/6        EV:  7    Int:  9    God:
Gold:   123        SH: 10    Dex: 13    Spells: 5/5 levels left

rFire    + . .     SeeInvis .   a - +1 war axe
rCold    . . .     Gourm    .   c - +1 shield
rNeg     . . .     Faith    .   b - +0 scale mail
rPois    .         Spirit   .   (helmet restricted)
rElec    .         Reflect  .   (no cloak)
rCorr    .         Harm     .   (no gloves)
MR       .....                  (no boots)
Stlth    ..........             (no amulet)
HPRegen  0.15/turn              r - ring of fire
MPRegen  0.10/turn              (no ring)

@: mighty
A: horns 1, cold resistance 1, powered by pain 1
a: no special abilities


You were on level 5 of the Dungeon.
You were not hungry.

You visited 1 branch of the dungeon, and saw 5 of its levels.

You collected 123 gold pieces.

Inventory:

Hand Weapons
 a - a +1 war axe (weapon)
Armour
 b - a +0 scale mail (worn)
 c - a +1 shield (worn)
 e - a +0 pair of boots
 t - a +0 plate armour
Jewellery
 r - a ring of fire (left hand)
Wands
 q - a wand of flame (20)
Scrolls
 g - 2 scrolls of teleportation
 j - 3 scrolls of fog
 l - a scroll of enchant armour
 m - 5 scrolls of remove curse
 s - a scroll of fear {unknown}
Potions
 d - 2 potions of might
 h - 5 potions of curing
 k - a potion of cancellation
 o - 2 potions of haste
Comestibles
 f - 3 rations


   Skills:
 + Level 3.5 Fighting
 * Level 5.0 Axes
 + Level 4.0 Armour
 + Level 0.6 Dodging
 + Level 0.1 Stealth
 + Level 3.3 Shields
 * Level 1.2 Unarmed Combat


You had 5 spell levels left.
You didn't know any spells.
Your spell library was empty.

Dungeon Overview and Level Annotations

Branches:
Dungeon (5/15)
 Temple: D:4-7

Altars:
Vehumet
Wu Jian
Yredelemnul
The Shining One

Annotations:
D:5 Duvessa


Innate Abilities, Weirdness & Mutations

You have a pair of small horns on your head.
Your flesh is cold resistant. (rC+)
You sometimes gain a little power by taking damage.


Message History

You hit Duvessa.
Duvessa is moderately wounded.
Duvessa hits you with a rapier of holy wrath!
* * * LOW HITPOINT WARNING * * *
You focus on the pain.
You feel very mighty all of a sudden.
You convulse.
* * * LOW HITPOINT WARNING * * *
You block Duvessa's attack.
You feel much better. You block Duvessa's attack.
You feel much better. You block Duvessa's attack.
Duvessa hits you with a rapier of holy wrath!
You convulse!
You focus on the pain.
You feel mightier all of a sudden.
You hit Duvessa.
Duvessa is moderately wounded.
Duvessa hits you with a rapier of holy wrath!
* * * LOW HITPOINT WARNING * * *
You convulse!
You die...

## # .# #. .#
# #.##.##.#
#####.e.....#
.......@)#
##########


You could see Duvessa (berserk).

Vanquished Creatures
  A centaur (D:2)
  A scorpion (D:4)
  Dowan (D:5)
  A hound (D:4)
  An orc wizard (D:4)
  Jessica (D:3)
  Natasha (D:3)
  A worker ant (D:4)
  Robin (D:2)
  4 adders
  2 oozes
  A worm (D:3)
  2 dart slugs
  5 leopard geckos
  5 orcs
  3 bats
  4 giant cockroaches
  10 hobgoblins
  10 jackals
  2 quokkas (D:4)
  A ball python (D:3)
  3 frilled lizards
  2 gnoll zombies (D:3)
  17 goblins
  A jackal skeleton (D:4)
  5 kobolds
  7 rats
93 creatures vanquished.

Notes
Turn   | Place    | Note
-------+----------+-------------------------------------------
     0 | D:1      | Reeggar the Demonspawn Fighter began the quest for the Orb.
     0 | D:1      | Reached XP level 1. HP: 18/18 MP: 1/1
   502 | D:1      | Gained mutation: You sometimes gain a little power by
                  | taking damage. [demonic ancestry]
   502 | D:1      | Reached XP level 2. HP: 24/24 MP: 2/2
   527 | D:1      | Reached skill level 2 in Axes
   912 | D:2      | Found a radiant altar of Vehumet.
  1049 | D:2      | Reached XP level 3. HP: 29/29 MP: 3/3
  1300 | D:2      | Noticed a centaur
  1310 | D:2      | Killed a centaur
  1310 | D:2      | Reached skill level 3 in Axes
  1310 | D:2      | Gained mutation: You have a pair of small horns on your
                  | head. [demonic ancestry]
  1310 | D:2      | Reached XP level 4. HP: 9/35 MP: 4/4
  1511 | D:2      | Found an ornate altar of the Wu Jian Council.
  1511 | D:2      | Found a glowing golden altar of the Shining One.
  1553 | D:2      | Noticed Robin
  1579 | D:2      | Killed Robin
  1579 | D:2      | Reached XP level 5. HP: 24/41 MP: 5/5
  2273 | D:3      | Noticed Jessica
  2278 | D:3      | Killed Jessica
  2287 | D:3      | Reached skill level 4 in Axes
  2987 | D:3      | Noticed Natasha
  2996 | D:3      | Killed Natasha
  2998 | D:3      | Found a basalt altar of Yredelemnul.
  3368 | D:4      | Gained mutation: Your flesh is cold resistant. (rC+)
                  | [demonic ancestry]
  3368 | D:4      | Reached XP level 6. HP: 41/47 MP: 6/6
  3837 | D:4      | Reached skill level 1 in Unarmed Combat
  4321 | D:5      | Entered Level 5 of the Dungeon
  4322 | D:5      | Noticed Duvessa
  4322 | D:5      | Noticed Dowan
  4325 | D:5      | Killed Dowan
  4325 | D:5      | Reached skill level 5 in Axes
  4332 | D:5      | Mangled by Duvessa

Skill      XL: |  1  2  3  4  5  6 |
---------------+-------------------+-----
Axes           | 2 3 4 5 |  5.0
Armour         | 3 4 |  4.0
Shields        | 3 |  3.3
Unarmed Combat | 1 |  1.2
Fighting       | |  3.5
Dodging        | |  0.6
Stealth        | |  0.1

Action                   |  1- 3 |  4- 6 || total
-------------------------+-------+-------++-------
Melee: War axe           |    61 |   153 ||   214
       Headbutt          |       |    24 ||    24
  Use: Scroll            |     1 |    10 ||    11
       Potion            |       |     2 ||     2
  Eat: Ration            |     1 |     2 ||     3
       Chunk             |       |     3 ||     3
Armor: Scale mail        |    28 |    79 ||   107
Dodge: Dodged            |    27 |    67 ||    94
Block: Shield            |    32 |   113 ||   145
